 Dungeon Crawl Stone Soup version 0.19.5 (webtiles) character file.

349 IcyNumb the Spear-Bearer (level 6, -3/51 HPs)
             Began as a Minotaur Fighter on May 22, 2017.
             Slain by Sigmund
             ... wielding a +1 scythe of slicing
              (7 damage)
             ... on level 4 of the Dungeon.
             The game lasted 00:15:35 (2886 turns).

IcyNumb the Spear-Bearer (Minotaur Fighter)         Turns: 2886, Time: 00:15:35

Health: -3/51      AC:  9    Str: 21    XL:     6   Next: 33%
Magic:  5/5        EV:  7    Int:  6    God:
Gold:   210        SH:  9    Dex: 10    Spells: 0 memorised, 5 levels left

rFire  . . .     SeeInvis .     a - +0 trident
rCold  . . .     Gourm    .     b - +0 scale mail
rNeg   . . .     Faith    .     c - +0 shield
rPois  .         Spirit   .     (helmet restricted)
rElec  .         Reflect  .     (no cloak)
rCorr  +         Harm     .     l - +0 pair of gloves
MR     .....                    h - +0 pair of boots
Stlth  ..........               (no amulet)
                                (no ring)
                                x - ring of resist corrosion

@: no status effects
A: retaliatory headbutt, horns 2
a: no special abilities


You were on level 4 of the Dungeon.
You were hungry.

You visited 1 branch of the dungeon, and saw 4 of its levels.

You collected 210 gold pieces.

Inventory:

Hand Weapons
 a - a +0 trident (weapon)
 s - a +0 halberd
Armour
 b - a +0 scale mail (worn)
 c - a +0 shield (worn)
 h - a +0 pair of boots (worn)
 l - a +0 pair of gloves (worn)
Jewellery
 x - a ring of resist corrosion (left hand)
Scrolls
 e - 2 scrolls of amnesia {unknown}
 i - 4 scrolls of remove curse {unknown}
 j - a scroll of fear {unknown}
 k - 3 scrolls of teleportation {unknown}
 m - 6 scrolls of identify {unknown}
 n - a scroll of enchant armour {unknown}
 q - 2 scrolls of fog {unknown}
 y - a scroll of recharging {unknown}
Potions
 d - a potion of might
 g - a potion of cure mutation {unknown}
 o - a potion of haste
 p - 2 potions of heal wounds {unknown}
 u - 2 potions of degeneration {unknown}
 w - 2 potions of brilliance {unknown}
Comestibles
 f - 6 bread rations
 r - a royal jelly
 t - 2 meat rations
 v - 4 fruits
 z - 5 chunks of flesh


   Skills:
 - Level 3.6 Fighting
 + Level 8.2 Polearms
 - Level 3.6 Armour
 - Level 3.6 Shields


You had 5 spell levels left.
You didn't know any spells.

Dungeon Overview and Level Annotations

Branches:
Dungeon (4/15)
 Temple: D:4-7

Altars:
The Shining One

Annotations:
D:4 Dowan, Duvessa, Sigmund


Innate Abilities, Weirdness & Mutations

You reflexively headbutt those who attack you in melee.
You have a pair of horns on your head.


Message History

You're too confused to move!
You hear some strange, mumbled words.
Something tries to affect you, but you resist.
You feel less confused. Something hits you! Something hits you.
A puff of flame appears from out of thin air!
You block the puff of flame.
A magic dart appears from out of thin air!
The magic dart hits you!
A magic dart appears from out of thin air!
The magic dart hits you!
A puff of flame appears from out of thin air!
The puff of flame hits you!
* * * LOW HITPOINT WARNING * * *
Something hits you but does no damage. Something hits you!
* * * LOW HITPOINT WARNING * * *
x2 Something hits you!
You die...

#.# #.# #.# #.### #.#
#.#<######### #.# #.#ee........
#.# #...........# ###.###
######## ############.# #.....
.......
..........##.###.#.########......
................@.....o..........
.##<.........###.#........#......
>########.##.# #.#.########.#####
..........#### #.#[# #.#
########### #.#.# #.# #.#.# #o#
#.#.# #.# #.#.###### #.### #
#...##...###...###


You could see an orc.

Vanquished Creatures
  A hound (D:4)
  5 orc wizards
  Terence (D:3)
  4 gnolls (D:2)
  2 adders
  A worm (D:1)
  4 leopard geckos
  19 orcs
  5 bats
  5 giant cockroaches
  3 goblins
  3 hobgoblins
  12 jackals
  6 kobolds
  A ball python (D:3)
  3 frilled lizards
  4 rats
79 creatures vanquished.

Notes
Turn   | Place    | Note
-------+----------+-------------------------------------------
     0 | D:1      | IcyNumb the Minotaur Fighter began the quest for the Orb.
     0 | D:1      | Reached XP level 1. HP: 19/19 MP: 0/0
   109 | D:1      | Reached skill level 3 in Polearms
   147 | D:1      | Reached XP level 2. HP: 24/26 MP: 1/1
   315 | D:1      | Reached skill level 4 in Polearms
   349 | D:1      | Found a glowing golden altar of the Shining One.
   636 | D:2      | Reached XP level 3. HP: 31/31 MP: 2/2
   789 | D:2      | Reached skill level 5 in Polearms
   804 | D:2      | Reached XP level 4. HP: 35/39 MP: 3/3
  1443 | D:3      | Noticed Terence
  1463 | D:3      | Killed Terence
  1463 | D:3      | Reached skill level 6 in Polearms
  1627 | D:3      | Reached XP level 5. HP: 43/45 MP: 4/4
  1808 | D:3      | Reached skill level 7 in Polearms
  2525 | D:4      | Noticed Duvessa
  2525 | D:4      | Noticed Dowan
  2755 | D:4      | Reached XP level 6. HP: 49/51 MP: 5/5
  2776 | D:4      | Reached skill level 8 in Polearms
  2847 | D:4      | Noticed Sigmund
  2886 | D:4      | Slain by Sigmund

Skill      XL: |  1  2  3  4  5  6 |
---------------+-------------------+-----
Polearms       | 3 4 5 6 7 8 |  8.2
Fighting       | |  3.6
Armour         | |  3.6
Shields        | |  3.6

Action                   |  1- 3 |  4- 6 || total
-------------------------+-------+-------++-------
Melee: Trident           |    75 |   189 ||   264
       Headbutt          |     7 |    12 ||    19
  Eat: Chunk             |       |     6 ||     6
Armor: Scale mail        |    21 |    64 ||    85
Dodge: Dodged            |    17 |    28 ||    45
Block: Shield            |    25 |    54 ||    79
